 Dungeon Crawl Stone Soup version 0.24-a0-312-g16217b4 (webtiles) character file.

Game seed: 15475417015814270949

13 mhoghedin the Magician (level 2, -1/23 HPs)
             Began as a Barachi Wizard on May 16, 2019.
             Slain by a goblin
             ... wielding a +0 club
              (5 damage)
             ... on level 1 of the Dungeon.
             The game lasted 00:01:23 (581 turns).

mhoghedin the Magician (Barachi Wizard)              Turns: 581, Time: 00:01:23

Health: -1/23      AC:  2    Str:  8    XL:     2   Next: 37%
Magic:  0/6        EV: 12    Int: 18    God:
Gold:   18         SH:  0    Dex: 10    Spells: 6/7 levels left

rFire    . . .     SeeInvis .   c - +0 club
rCold    . . .     Gourm    .   (no shield)
rNeg     . . .     Faith    .   a - +0 robe
rPois    .         Spirit   .   b - +0 hat
rElec    .         Reflect  .   (no cloak)
rCorr    .         Harm     .   (no gloves)
MR       .....                  (no boots)
Stlth    ++........             (no amulet)
HPRegen  0.07/turn              (no ring)
MPRegen  0.10/turn              (no ring)

@: slow
A: +LOS, swims, slowness 1, strong legs 1
a: Hop


You were on level 1 of the Dungeon.
You were not hungry.

You visited 1 branch of the dungeon, and saw 1 of its levels.

You collected 18 gold pieces.

Inventory:

Hand Weapons
 c - a +0 club (weapon)
   (You took it off a hobgoblin on level 1 of the Dungeon)
Missiles
 e - 5 atropa-tipped darts (quivered)
Armour
 a - a +0 robe (worn)
 b - a +0 hat (worn)
Scrolls
 f - a scroll of enchant weapon {unknown}
 g - a scroll of identify {unknown}
Comestibles
 d - a ration


   Skills:
 + Level 2.4 Fighting
 - Level 2.1 Dodging
 - Level 1.7 Stealth
 - Level 3.2 Spellcasting
 - Level 1.1 Conjurations
   Level 1.2 Summonings
   Level 1.1 Translocations


You had 6 spell levels left.
You knew the following spells:

 Your Spells              Type           Power        Failure   Level  Hunger
a - Magic Dart            Conj           #...         10%         1    None

Your spell library contained the following spells:

 Spells                   Type           Power        Failure   Level  Hunger
 Call Imp                 Summ           #.......     14%         2    ##.....
 Blink                    Tloc           N/A          16%         2    ##.....
 Slow                     Hex            #.......     24%         2    ##.....
 Conjure Flame            Conj/Fire      #.......     36%         3    ###....
 Mephitic Cloud           Conj/Pois/Air  #.......     38%         3    ###....


Dungeon Overview and Level Annotations

Branches:
Dungeon (1/15)

Altars:


Innate Abilities, Weirdness & Mutations

Shadows flee at your approach. (+LOS)
You can swim through water.
You cover ground slowly.
You can hop short distances.


Message History

You kill the hobgoblin!
You now have 2/6 mp.
You start resting.
MP restored: 6
f - a scroll labeled MOUSSUCADY
e - 7 atropa-tipped darts (gained 1)
Things that are here:
a +0 club; a hobgoblin corpse You open the door.
There is an open door here.
You open the door.
There is an open door here.
g - a scroll labeled WALARE LUCUCO A giant cockroach comes into view.
You see here 4 gold pieces.
A giant cockroach is nearby!
You hit the giant cockroach but do no damage.
The giant cockroach bites you but does no damage.
The giant cockroach barely misses you.
You hit the giant cockroach. The giant cockroach barely misses you.
You completely miss the giant cockroach.
The giant cockroach barely misses you. x2
You hit the giant cockroach. The giant cockroach barely misses you.
You hit the giant cockroach.
You kill the giant cockroach!
Health restored: 23 No target in view!
No target in view!
No target in view!
No target in view!
No target in view!
No target in view!
No target in view!
You now have 18 gold pieces (gained 4).
You open the door.
A goblin and a hobgoblin come into view.
The hobgoblin shouts!
There are monsters nearby!
Aim: a goblin, wielding a +0 club The magic dart hits the goblin.
You now have 5/6 mp.
Aim: a goblin, wielding a +0 club (heavily wounded)
You miscast Magic Dart.
You are very lightly contaminated with residual magic.
Nothing appears to happen.
You now have 4/6 mp.
You see here 14 sling bullets.
You see here a giant cockroach corpse.
Throwing (i - inventory)
e - 7 atropa-tipped darts (quivered)
Aim: a goblin, wielding a +0 club (moderately wounded, chance to blind on hit: 100%)
You throw an atropa-tipped dart.
The atropa-tipped dart misses the goblin.
Throwing (i - inventory)
e - 6 atropa-tipped darts (quivered)
Aim: a goblin, wielding a +0 club (moderately wounded, chance to blind on hit: 100%)
You throw an atropa-tipped dart.
The atropa-tipped dart barely misses the hobgoblin.
The atropa-tipped dart hits the goblin.
The goblin appears confused.
You completely miss the hobgoblin.
The goblin seems less confused.
The hobgoblin hits you with a +0 club. x2
You take 3 damage, and have 20/23 hp.
You closely miss the goblin. The goblin hits you with a +0 club.
The hobgoblin barely misses you.
You take 1 damage, and have 19/23 hp.
You closely miss the goblin.
The goblin is no longer blind.
The goblin hits you with a +0 club. The hobgoblin hits you with a +0 club.
The goblin hits you with a +0 club.
You take 9 damage, and have 10/23 hp.
MASSIVE DAMAGE!!
MP restored: 6 Your magical contamination has completely faded away.
The hobgoblin hits you with a +0 club.
* * * LOW HITPOINT WARNING * * *
There is an open door here.
You take 5 damage, and have 5/23 hp.
MASSIVE DAMAGE!!
Aim: a goblin, wielding a +0 club (moderately wounded)
The magic dart hits the hobgoblin but does no damage.
The hobgoblin hits you with a +0 club.
* * * LOW HITPOINT WARNING * * *
You take 2 damage, and have 3/23 hp.
You now have 5/6 mp.
Aim: a goblin, wielding a +0 club (moderately wounded)
The magic dart hits the hobgoblin.
The hobgoblin completely misses you.
You now have 4/6 mp.
Aim: a goblin, wielding a +0 club (moderately wounded)
The magic dart hits the hobgoblin.
The hobgoblin barely misses you.
You now have 3/6 mp.
Aim: a goblin, wielding a +0 club (moderately wounded)
The magic dart hits the hobgoblin but does no damage.
You now have 2/6 mp.
Aim: a goblin, wielding a +0 club The magic dart hits the hobgoblin but does no damage.
The hobgoblin hits you but does no damage.
You now have 1/6 mp.
Aim: a goblin, wielding a +0 club The magic dart hits the hobgoblin.
You kill the hobgoblin!
You now have 0/6 mp.
You don't have enough magic to cast that spell.
You hit the goblin but do no damage. The goblin hits you with a +0 club.
You die...

#.# #....(.......... #.#
#....(.......... #.#
#............... #.#
#....†.......... #.#
#............... ##########+#.###
#...........(... #..............#
#...............
...............###...............
....[........).'@g...............
...............###...............
...............# #...............
...............# #...............
#..............# #...............
#.......(...>..# ###'############
#..............#####.#
##########...........#
#.###########


You could see a goblin.

Vanquished Creatures
  3 bats (D:1)
  2 giant cockroaches (D:1)
  A goblin (D:1)
  3 hobgoblins (D:1)
  A kobold (D:1)
  A rat (D:1)
11 creatures vanquished.

Notes
Turn   | Place    | Note
-------+----------+-------------------------------------------
     0 | D:1      | mhoghedin the Barachi Wizard began the quest for the Orb.
     0 | D:1      | Reached XP level 1. HP: 13/13 MP: 4/4
    51 | D:1      | Reached skill level 1 in Fighting
   186 | D:1      | Reached skill level 2 in Fighting
   186 | D:1      | Reached XP level 2. HP: 15/22 MP: 6/6
   573 | D:1      | HP: 5/23 [hobgoblin/+0 club (5)]
   581 | D:1      | Slain by a goblin

Levels and vault maps discovered:
D:1:      lightli_arrival_noodles, layout_basic

Skill      XL: |  1 |
---------------+----+-----
Fighting       | 2 |  2.4
Dodging        | |  2.1
Stealth        | |  1.7
Spellcasting   | |  3.2
Conjurations   | |  1.1
Summonings     | |  1.2
Translocations | |  1.1

Action                   || total
-------------------------++-------
Melee: Club              ||    27
Throw: Dart              ||     4
 Cast: Magic Dart        ||    22
Armor: Robe              ||     5
Dodge: Dodged            ||    31

Table legend:
 A = Non-vault XP
 B = Vault XP
 C = Vault XP percentage of total XP
 D = Non-vault monster count
 E = Vault monster count
 F = Vault count percentage of total count
                 A         B        C        D         E       F
            +---------+---------+-------+---------+---------+-------
      Total |      19 |       0 |   0.0 |      11 |       0 |   0.0
            +---------+---------+-------+---------+---------+-------
        D:1 |      19 |       0 |   0.0 |      11 |       0 |   0.0
            +---------+---------+-------+---------+---------+-------

Levels and vault maps discovered:
D:1:      lightli_arrival_noodles, layout_basic

Table legend:
 A = Turns spent in this place as a percentage of turns spent in the entire game.
 B = Non-inter-level travel turns spent in this place as a percentage of non-inter-level travel turns spent in the entire game.
 C = Inter-level travel turns spent in this place as a percentage of turns spent in this place.
 D = Turns resting spent in this place as a percentage of non-inter-level travel turns spent in this place.
 E = Turns spent auto-exploring this place as a percentage of non-inter-level travel turns spent in this place.
 F = Non-inter-level travel turns spent in this place divided by the number of levels of this place that you've seen.
                   A       B       C       D       E      F
               +-------+-------+-------+-------+-------+----------------------
         Total | 100.0 | 100.0 |   0.0 |  57.8 |  20.3 | 581.0
       Dungeon | 100.0 | 100.0 |   0.0 |  57.8 |  20.3 | 581.0
               +-------+-------+-------+-------+-------+----------------------

Table legend:
 A = Kills in this place as a percentage of kills in entire the game.
 B = Kills by you in this place as a percentage of kills by you in the entire game.
 C = Kills by friends in this place as a percentage of kills by friends in the entire game.
 D = Other kills in this place as a percentage of other kills in the entire game.
 E = Experience gained in this place as a percentage of experience gained in the entire game.
 F = Experience gained in this place divided by the number of levels of this place that you have seen.
                   A       B       C       D       E      F
               +-------+-------+-------+-------+-------+----------------------
         Total | 100.0 | 100.0 |   N/A |   N/A | 100.0 |  19.0
       Dungeon | 100.0 | 100.0 |   N/A |   N/A | 100.0 |  19.0
               +-------+-------+-------+-------+-------+----------------------
